 Dungeon Crawl Stone Soup version 0.23-a0-171-g5ae17c6e89 (webtiles) character file.

15283 PikkenKukken the Grappler (level 11, -12/89 HPs)
             Began as a Demonspawn Berserker on Sept 13, 2018.
             Was the Champion of Trog.
             Killed from afar by a steam dragon (14 damage)
             ... with a ball of steam
             ... on level 3 of the Lair of Beasts.
             The game lasted 00:17:58 (11085 turns).

PikkenKukken the Grappler (Demonspawn Berserker)   Turns: 11085, Time: 00:17:59

Health: -12/89     AC: 17    Str: 19    XL:     11   Next: 99%
Magic:  11/11      EV: 12    Int:  8    God:    Trog [******]
Gold:   885        SH:  0    Dex: 15    Spells: 10/10 levels left

rFire    . . .     SeeInvis .     - Unarmed
rCold    . . .     Gourm    .   (no shield)
rNeg     . . .     Faith    .   s - +0 plate armour
rPois    +         Spirit   .   y - +2 hat
rElec    .         Reflect  .   z - +0 cloak
rCorr    .         Harm     .   (no gloves)
MR       +....     Rnd*Tele +   (boots unavailable)
Stlth    ..........             w - amulet of regeneration
HPRegen  0.64/turn              x - +2 ring of evasion
MPRegen  0.12/turn              (no ring)

@: berserk cooldown, slowed, very slow
A: claws 1, hooves 3, horns 1, magic resistance 1, poison resistance, screaming
1, spiny 2, teleportitis 1
a: Berserk, Trog's Hand, Brothers in Arms, Renounce Religion


You were on level 3 of the Lair of Beasts.
You worshipped Trog.
Trog was exalted by your worship.
You were hungry.

You visited 2 branches of the dungeon, and saw 13 of its levels.

You collected 885 gold pieces.

Inventory:

Armour
 a - a +0 animal skin
 s - a +0 plate armour (worn)
 t - a +0 buckler
 y - a +2 hat (worn)
 z - a +0 cloak (worn)
Jewellery
 c - an uncursed amulet of the acrobat {unknown}
 w - an amulet of regeneration (around neck)
 x - a +2 ring of evasion (left claw)
 H - an uncursed amulet of the acrobat {unknown}
 I - an uncursed amulet of rage {unknown}
Wands
 k - a wand of iceblast (12)
 l - a wand of paralysis (22)
 p - a wand of flame (31)
 G - a wand of disintegration (6)
Scrolls
 d - a scroll of magic mapping
 e - 6 scrolls of remove curse
 i - 8 scrolls of teleportation
 B - a scroll of summoning
 C - 3 scrolls of vulnerability
 D - 2 scrolls of fog
 E - a scroll of fear
Potions
 f - 2 potions of flight
 g - a potion of ambrosia
 h - a potion of heal wounds
 j - 5 potions of curing
 m - a potion of magic
 n - 6 potions of lignification
 o - a potion of invisibility
 q - a potion of resistance
 r - 2 potions of agility
 u - a potion of berserk rage
 v - 3 potions of might
 A - a potion of haste {unknown}
 J - 2 potions of brilliance {unknown}
Comestibles
 b - 16 rations
 F - 10 chunks of flesh


   Skills:
 + Level 9.3 Fighting
 + Level 8.3 Armour
 + Level 8.3 Dodging
 - Level 0.3 Shields
 * Level 11.6 Unarmed Combat


You had 10 spell levels left.
You didn't know any spells.
Your spell library was empty.

Dungeon Overview and Level Annotations

Branches:
Dungeon (10/15)            Temple (0/1) D:4            Lair (3/6) D:9
  Swamp: Lair:2-4    Shoals: Lair:2-4     Snake: Lair:2-4    Spider: Lair:2-4
    Orc: D:9-12

Altars:
Dithmenos
Elyvilon
Fedhas
Nemelex Xobeh
Okawaru
Vehumet
Xom
Zin

Annotations:
Lair:3 Nergalle


Innate Abilities, Weirdness & Mutations

You have sharp fingernails.
You have hooves in place of feet.
You have a pair of small horns on your head.
You are mostly covered in sharp spines.
You are resistant to hostile enchantments. (MR+)
Your system is resistant to poisons. (rPois)
You occasionally shout uncontrollably at your foes.
You are occasionally teleported next to monsters.


Message History

The rime drake barely misses you.
You barely miss the rime drake. You headbutt the rime drake.
The rime drake is severely wounded.
You are engulfed in a cloud of scalding steam.
The ice encasing you melts away.
The rime drake is engulfed in a cloud of scalding steam.
The rime drake misses you.
The rime drake is struck by your spines.
You kill the rime drake!
Trog accepts your kill. The steam dragon breathes steam at you.
The ball of steam misses you.
The steam dragon is struck by your spines.
The steam dragon bites you but does no damage.
The steam dragon claws you but does no damage.
The rime drake is engulfed in a cloud of scalding steam.
The rime drake dies!
The steam dragon breathes steam at you. The ball of steam hits you!
You die...

#.# # #..####
#.##..#.#.
.........
##.......
..D§....# ..
..≈.§§DD## ..
#≈.§@.# .##
##≈§#§###..###
##≈##†.#.#..##
≈##.§§.......
#≈ #P...P.#.#
## ####.###
#..# ##.##
#..######


You could see 2 steam dragons.

Vanquished Creatures
  Erica (D:10)
  Pikel (D:8)
  The ghost of tmwh the Geomancer, a novice GrEE of Vehumet (D:7)
  A manticore (D:9)
  Maurice (D:8)
  A black mamba (Lair:2)
  Psyche (D:8)
  4 spiny frogs
  3 rime drakes (Lair:3)
  A troll (D:9)
  The ghost of Ablot the Charmwright, an amateur GnSk (D:4)
  A hornet (D:9)
  A wraith (D:10)
  A wyvern (D:9)
  7 yaks
  A basilisk (Lair:1)
  5 water moccasins
  12 porcupines
  2 black bears (D:9)
  4 ice beasts
  A phantom (D:10)
  4 orc warriors
  A slave (D:8)
  4 ogres
  A necrophage (D:10)
  15 wolves (Lair:1)
  7 centaurs
  5 crocodiles
  A big kobold (D:7)
  16 bullfrogs
  2 scorpions (D:10)
  5 howler monkeys
  3 wights (D:9)
  The ghost of feta the Grave Robber, a weakling DsNe (D:3)
  4 crimson imps
  3 hounds
  A jelly (D:6)
  A centaur skeleton (D:10)
  5 orc priests
  2 bullfrog skeletons
  6 orc wizards
  Crazy Yiuf (D:6)
  5 iguanas
  Ijyb (D:3)
  7 worker ants
  A killer bee zombie (D:7)
  2 bullfrog simulacra (D:4)
  A hound zombie (D:6)
  A hound skeleton (D:4)
  A howler monkey zombie (D:10)
  4 gnolls (D:3)
  15 adders
  A shadow imp (D:9)
  2 white imps (D:4)
  2 worker ant simulacra (D:4)
  2 oozes
  2 adder skeletons
  4 worms
  5 dart slugs
  9 leopard geckos
  40 orcs
  6 giant cockroaches
  10 hobgoblins
  26 jackals
  5 quokkas
  2 ball pythons
  4 bats
  6 frilled lizards
  6 goblins
  A jackal skeleton (D:4)
  12 kobolds
  A leopard gecko simulacrum (D:4)
  A leopard gecko zombie (D:5)
  A quokka simulacrum (D:4)
  8 rats
333 creatures vanquished.

Vanquished Creatures (others)
  A rime drake (Lair:3)
  A slave (D:8)
  An orc (D:7)
  12 fungi
  3 plants (D:9)
18 creatures vanquished.

Grand Total: 351 creatures vanquished

Notes
Turn   | Place    | Note
-------+----------+-------------------------------------------
     0 | D:1      | PikkenKukken the Demonspawn Berserker began the quest for
                  | the Orb.
     0 | D:1      | Reached XP level 1. HP: 18/18 MP: 1/1
   167 | D:1      | Gained mutation: You are partially covered in sharp spines.
                  | [demonic ancestry]
   167 | D:1      | Reached XP level 2. HP: 18/24 MP: 2/2
   251 | D:1      | Reached skill level 3 in Unarmed Combat
   432 | D:1      | Reached ** piety under Trog
   441 | D:1      | Gained mutation: You have large cloven feet. [demonic
                  | ancestry]
   441 | D:1      | Reached XP level 3. HP: 19/29 MP: 3/3
  1143 | D:2      | Gained mutation: You have hoof-like feet. [demonic
                  | ancestry]
  1143 | D:2      | Reached XP level 4. HP: 34/35 MP: 4/4
  1479 | D:3      | Found a shadowy altar of Dithmenos.
  1751 | D:3      | Found a large runed door.
  1752 | D:3      | Found a large runed door.
  1753 | D:3      | Noticed feta's ghost (weakling DsNe)
  1763 | D:3      | Found a sparkling altar of Nemelex Xobeh.
  1974 | D:3      | Noticed Ijyb
  1983 | D:3      | Killed Ijyb
  1983 | D:3      | Reached XP level 5. HP: 42/42 MP: 5/5
  2018 | D:3      | Reached *** piety under Trog
  2018 | D:3      | Reached skill level 4 in Unarmed Combat
  2481 | D:3      | Found a shimmering altar of Xom.
  2732 | D:3      | Found a glowing silver altar of Zin.
  2890 | D:3      | Reached XP level 6. HP: 48/48 MP: 6/6
  2922 | D:3      | Found a blossoming altar of Fedhas.
  3637 | D:4      | Noticed Ablot's ghost (amateur GnSk)
  3709 | D:4      | Found a runed gate.
  3709 | D:4      | Found a runed gate.
  3709 | D:4      | Found a runed gate.
  3831 | D:4      | Found a staircase to the Ecumenical Temple.
  3906 | D:4      | Reached skill level 5 in Unarmed Combat
  4135 | D:5      | Entered Level 5 of the Dungeon
  4171 | D:5      | Found an iron altar of Okawaru.
  4358 | D:5      | Gained mutation: You have a pair of small horns on your
                  | head. [demonic ancestry]
  4358 | D:5      | Reached XP level 7. HP: 28/55 MP: 7/7
  4648 | D:5      | Reached **** piety under Trog
  4747 | D:5      | Gained mutation: You are occasionally teleported next to
                  | monsters. [potion of mutation]
  4747 | D:5      | Gained mutation: You expend magic power (3 MP) to
                  | strengthen your wands. [potion of mutation]
  4747 | D:5      | Gained mutation: Your spells are a little harder to cast,
                  | but a little more powerful. [potion of mutation]
  4748 | D:5      | Lost mutation: You expend magic power (3 MP) to strengthen
                  | your wands. [potion of mutation]
  4748 | D:5      | Lost mutation: Your spells are a little harder to cast, but
                  | a little more powerful. [potion of mutation]
  4748 | D:5      | Gained mutation: Your system is resistant to poisons.
                  | (rPois) [potion of mutation]
  4748 | D:5      | Gained mutation: You occasionally shout uncontrollably at
                  | your foes. [potion of mutation]
  4748 | D:5      | Gained mutation: You have hooves in place of feet. [potion
                  | of mutation]
  4748 | D:5      | Gained mutation: You are resistant to hostile enchantments.
                  | (MR+) [potion of mutation]
  4897 | D:6      | Found a white marble altar of Elyvilon.
  4950 | D:6      | Reached skill level 5 in Fighting
  4950 | D:6      | Reached skill level 6 in Unarmed Combat
  4961 | D:6      | Gained mutation: You are mostly covered in sharp spines.
                  | [demonic ancestry]
  4961 | D:6      | Reached XP level 8. HP: 62/62 MP: 8/8
  5202 | D:6      | Found a runed door.
  5485 | D:6      | Noticed Crazy Yiuf
  5490 | D:6      | Killed Crazy Yiuf
  5570 | D:7      | Reached skill level 7 in Unarmed Combat
  5597 | D:7      | Reached ***** piety under Trog
  5601 | D:7      | Reached skill level 5 in Armour
  5608 | D:7      | Reached skill level 5 in Dodging
  5608 | D:7      | Reached XP level 9. HP: 52/69 MP: 9/9
  5691 | D:7      | Found a runed door.
  6033 | D:7      | Noticed tmwh's ghost (novice GrEE)
  6167 | D:3      | Killed feta's ghost
  6339 | D:4      | Killed Ablot's ghost
  6464 | D:7      | Killed tmwh's ghost
  6464 | D:7      | Reached skill level 8 in Unarmed Combat
  6515 | D:8      | Noticed Pikel
  6526 | D:8      | Killed Pikel
  6685 | D:8      | Noticed Psyche
  6693 | D:8      | Killed Psyche
  6744 | D:8      | Reached XP level 10. HP: 79/79 MP: 10/10
  6885 | D:8      | Noticed Maurice
  6891 | D:8      | Killed Maurice
  6891 | D:8      | Reached skill level 9 in Unarmed Combat
  7049 | D:8      | Found a radiant altar of Vehumet.
  7391 | D:9      | Found a staircase to the Lair.
  7571 | D:9      | Noticed a manticore
  7588 | D:9      | Killed a manticore
  7666 | D:9      | Reached skill level 10 in Unarmed Combat
  8085 | D:10     | Entered Level 10 of the Dungeon
  8233 | D:10     | Noticed Erica
  8245 | D:10     | Killed Erica
  8245 | D:10     | Received a gift from Trog
  8245 | D:10     | Gained mutation: You have sharp fingernails. [demonic
                  | ancestry]
  8245 | D:10     | Reached XP level 11. HP: 86/86 MP: 11/11
  9122 | Lair:1   | Entered Level 1 of the Lair of Beasts
  9186 | Lair:1   | Reached ****** piety under Trog
  9382 | Lair:1   | Reached skill level 11 in Unarmed Combat
 10678 | Lair:3   | Noticed Nergalle
 11083 | Lair:3   | HP: 1/89 [steam dragon/ball of steam (9)]
 11085 | Lair:3   | Killed from afar by a steam dragon

Vault maps used:
D:1:      saegor_arrival_miasma, minmay_pentomino_w4
D:3:      nemelex_altar_shiori, lemuel_coloured_pillars_altar,
          lemuel_doored_altar, marbit_many_paths, ebering_ghost_disaster_area,
          tgw_xom, uniq_ijyb
D:4:      minmay_temple_entry_butterflies, gammafunk_ghost_icy, first_ration,
          st_stairs_6
D:5:      kennysheep_little_box
D:6:      basic_altar, uniq_crazy_yiuf_cottage
D:7:      ebering_ghost_reflecting_pool
D:8:      lemuel_crystal_altar, special_room, grunt_ogre_cave, uniq_psyche,
          uniq_pikel, uniq_maurice
D:9:      due_lair_maze_entry_diamond, nrook_pool_corridor
D:10:     uniq_erica
Lair:1:   beast_lair_carwin_5, grunt_megastairs_2
Lair:3:   minmay_holes, bobbens_dragon_lair_wall, minmay_lair_oklob_chamber,
          uniq_nergalle

Skill      XL: |  1  2  3  4  5  6  7  8  9 10 11 |
---------------+----------------------------------+-----
Armour         | 2 3 4 5 6 7 8 |  8.3
Dodging        | 2 3 4 5 6 7 8 |  8.3
Unarmed Combat | 3 4 5 6 7 8 10 11 | 11.6
Fighting       | 4 5 6 7 8 9 |  9.3
Shields        | |  0.3

Action                   |  1- 3 |  4- 6 |  7- 9 | 10-12 || total
-------------------------+-------+-------+-------+-------++-------
Melee: Unarmed           |   105 |   171 |   204 |   313 ||   793
       Kick              |     9 |    49 |    73 |   105 ||   236
       Punch             |       |     1 |     3 |    13 ||    17
       Headbutt          |       |       |    40 |    72 ||   112
Invok: Berserk           |     1 |     4 |     3 |     4 ||    12
       Trog's Hand       |       |     1 |       |       ||     1
  Use: Scroll            |       |    12 |     6 |     7 ||    25
       Potion            |       |       |     2 |       ||     2
 Stab: Sleeping          |     2 |       |       |       ||     2
  Eat: Chunk             |     2 |    12 |     6 |    10 ||    30
       Ration            |       |     1 |     1 |     2 ||     4
Armor: Animal skin       |    20 |     9 |       |       ||    29
       Plate armour      |       |    21 |    95 |   130 ||   246
Dodge: Dodged            |    61 |    81 |    93 |   153 ||   388
Block: Buckler           |       |     3 |       |       ||     3

Table legend:
 A = Non-vault XP
 B = Vault XP
 C = Vault XP percentage of total XP
 D = Non-vault monster count
 E = Vault monster count
 F = Vault count percentage of total count
                 A         B        C        D         E       F
            +---------+---------+-------+---------+---------+-------
      Total |   13636 |    8197 |  37.5 |     266 |      67 |  20.1
            +---------+---------+-------+---------+---------+-------
        D:1 |      48 |       9 |  15.8 |      25 |       6 |  19.4
        D:2 |      66 |       0 |   0.0 |      19 |       0 |   0.0
        D:3 |     232 |     115 |  33.1 |      36 |       7 |  16.3
        D:4 |     265 |     384 |  59.2 |      17 |      10 |  37.0
        D:5 |     179 |       0 |   0.0 |      11 |       0 |   0.0
        D:6 |    1080 |      39 |   3.5 |      28 |       1 |   3.4
        D:7 |    1122 |     616 |  35.4 |      28 |       1 |   3.4
        D:8 |     448 |    2165 |  82.9 |      10 |      19 |  65.5
        D:9 |    2205 |    1087 |  33.0 |      28 |       9 |  24.3
       D:10 |    1454 |     907 |  38.4 |      24 |       1 |   4.0
     Lair:1 |    4133 |    1457 |  26.1 |      30 |       9 |  23.1
     Lair:2 |    1074 |       0 |   0.0 |       4 |       0 |   0.0
     Lair:3 |    1330 |    1418 |  51.6 |       6 |       4 |  40.0
            +---------+---------+-------+---------+---------+-------
